 Dungeon Crawl Stone Soup version 0.31-a0-232-gb1c03b2570 (webtiles) character file.

Game seed: 2687195631434447404

159 qw the Shooter (level 5, -4/30 HPs)
             Began as a Gargoyle Hexslinger on July 7, 2023.
             Shot with an arrow by a centaur (7 damage)
             ... on level 7 of the Dungeon.
             The game lasted 00:01:00 (2548 turns).

qw the Shooter (Gargoyle Hexslinger)                Turns: 2548, Time: 00:01:01

Health: -4/30      AC: 10    Str: 11    XL:     5   Next: 40%
Magic:  6/6        EV: 10    Int: 14    God:
Gold:   296        SH:  4    Dex: 14    Spells: 5/6 levels left

rFire   + . .        Y - +1 sling
rCold   . . .        (no shield)
rNeg    + . .        k - +0 ring mail
rPois   inf          (no helmet)
rElec   +            j - +0 cloak
rCorr   .            (no gloves)
SInv    .            (no boots)
Will    .....        (no amulet)
Stlth   +            h - ring of protection from fire
HPRegen 0.25/turn    (no ring)
MPRegen 0.10/turn

%: no passive effects
@: about to teleport, flying
A: sickness immunity, AC +4, negative energy resistance 1, electricity
resistance, torment resistance 1, petrification resistance, big wings, large
bone plates 1
a: no special abilities


You were on level 7 of the Dungeon.
You visited 1 branch of the dungeon, and saw 5 of its levels.

You collected 332 gold pieces.
You spent 36 gold pieces at shops.


Innate Abilities, Weirdness & Mutations

You are immune to sickness and miasma.
Your stone body is resilient. (AC +4)
You are immune to poison.
You resist negative energy. (rN+)
You are resistant to electric shocks. (rElec)
You are resistant to unholy torment.
You are immune to petrification.
Your large and strong wings let you fly.
You are partially covered in large bone plates. (SH +4)


   Skills:
 + Level 2.1 Fighting
 - Level 5.0 Ranged Weapons
 - Level 1.0 Armour
 - Level 1.5 Dodging
 - Level 1.0 Spellcasting
 - Level 2.6 Hexes


You had 5 spell levels left.
You knew the following spells:

 Your Spells              Type           Power      Damage    Failure   Level
a - Slow                  Hex            32%        N/A       21%         1

Your spell library contained the following spells:

 Spells                   Type           Power      Damage    Failure   Level
 Inner Flame              Hex/Fire       4%         N/A       71%         3
 Portal Projectile        Hex/Tloc       8%         N/A       71%         3
 Cause Fear               Hex            4%         N/A       90%         4

Inventory:

Hand Weapons
 Y - a +1 sling (weapon)
Armour
 j - a +0 cloak (worn)
 k - a +0 ring mail (worn)
Jewellery
 e - a ring of positive energy
 h - a ring of protection from fire (left hand)
 l - a ring of ice
Scrolls
 a - a scroll of identify
 g - 2 scrolls of revelation {unknown}
 i - 4 scrolls of teleportation
Potions
 b - a potion of curing
 c - a potion of mutation
 d - a potion of might
 f - a potion of magic {unknown}

Dungeon Overview and Level Annotations

Branches:
Dungeon (4/15)
 Temple: D:4-7

Altars:
Qazlal
Zin
The Shining One

Shops:
D:1 *


Message History

Enter note:
Enter note:
Enter note: A sourceless malevolence fills the Dungeon...
You are sucked into a shaft and drop 3 floors!
The shaft crumbles and collapses.
i - 5 scrolls of teleportation (gained 1)
e - a ring of positive energy Waypoint 4 assigned to D:7.
Found a plate armour.
Found a war axe.
Found a robe.
g - 2 scrolls labelled ZIENAD DION
Found a glowing golden altar of the Shining One.
There is a glowing golden altar of the Shining One here.
You now have 296 gold pieces (gained 13).
There is a glowing golden altar of the Shining One here.
Found a scroll of vulnerability and a rapier.
You see here a scroll of vulnerability.
A centaur comes into view.
The centaur shouts!
The centaur wields a +0 shortbow.
The centaur shoots an arrow.
The arrow hits you!
You shoot a sling bullet.
The sling bullet hits the centaur but does no damage.
The centaur shoots an arrow.
The arrow closely misses you.
The centaur shoots an arrow.
The arrow hits you.
You shoot a sling bullet. The sling bullet hits the centaur.
The centaur is lightly wounded.
The centaur shoots an arrow.
The arrow hits you!
The centaur shoots an arrow.
You block the arrow.
2547 ||| READING 5 scrolls of teleportation.
As you read the scroll of teleportation, it crumbles to dust.
You feel strangely unstable.
The centaur shoots an arrow.
The arrow hits you.
You shoot a sling bullet. The sling bullet hits the centaur.
The centaur is moderately wounded.
The centaur shoots an arrow.
The arrow misses you.
The centaur shoots an arrow.
The arrow hits you!
You die...

#....#
###..## .
#....## ##.
#.....## ..
###.)..#
#.#
#.....## c.
##.....# .#
###...###.#
##....@.#
########


You could see a centaur.

Vanquished Creatures
  A jelly (D:4)
  6 adders
  A worm (D:3)
  An orc (D:4)
  8 endoplasms
  3 giant cockroaches
  9 goblins
  6 hobgoblins
  4 jackals (D:1)
  4 kobolds
  6 quokkas
  4 ball pythons
  4 bats
  4 frilled lizards
  4 rats
65 creatures vanquished.

Notes
Turn   | Place    | Note
-------+----------+-------------------------------------------
     0 | D:1      | qw the Gargoyle Hexslinger began the quest for the Orb.
     0 | D:1      | Reached XP level 1. HP: 12/12 MP: 2/2
     0 | D:1      | 0 ||| qw: Version: 0.3-a-46-gb1f654a
     0 | D:1      | 0 ||| qw: Game counter: 2996
     0 | D:1      | 0 ||| qw: Melee chars always use a shield: true
     0 | D:1      | 0 ||| qw: God list: Okawaru
     0 | D:1      | 0 ||| qw: Allow faded altars: false
     0 | D:1      | 0 ||| qw: Do Orc after clearing Dungeon:15 true
     0 | D:1      | 0 ||| qw: Do second Lair branch before Depths: true
     0 | D:1      | 0 ||| qw: Lair rune preference: random
     0 | D:1      | 0 ||| qw: Goals: Normal
     0 | D:1      | 0 ||| PLANNING D:1-11
   135 | D:1      | Reached XP level 2. HP: 16/16 MP: 3/3
   149 | D:1      | Reached skill level 3 in Ranged Weapons
   347 | D:1      | Found a faded altar of an unknown god.
   472 | D:1      | Found Jeneom's General Store.
   480 | D:1      | 480 ||| SHOPLISTING potion of heal wounds (60 gold, have
                  | 42).
   480 | D:1      | 480 ||| SHOPLISTING potion of mutation (96 gold, have 42).
   480 | D:1      | 480 ||| BUYING scroll of teleportation (36 gold).
   480 | D:1      | Bought a scroll of teleportation for 36 gold pieces
   812 | D:1      | 812 ||| UPGRADING to +0 leather armour.
   822 | D:1      | 822 ||| DROPPING +0 robe.
   823 | D:1      | 823 ||| UPGRADING to +0 cloak.
   828 | D:1      | 828 ||| DROPPING ring of magical power.
   829 | D:1      | 829 ||| READING 3 scrolls labelled GUARECW YQEOSK.
   830 | D:1      | 830 ||| READING 2 scrolls of identify.
   830 | D:1      | 830 ||| IDENTIFYING fizzy brown potion
   831 | D:1      | 831 ||| DROPPING scroll of poison.
   850 | D:2      | Reached XP level 3. HP: 21/21 MP: 4/4
  1207 | D:2      | Found a glowing silver altar of Zin.
  1484 | D:2      | 1484 ||| UPGRADING to +0 ring mail.
  1494 | D:2      | 1494 ||| DROPPING +0 leather armour.
  1495 | D:2      | 1495 ||| UPGRADING to ring of protection from fire.
  1496 | D:2      | 1496 ||| READING scroll labelled YFEXASIBBEO.
  1497 | D:2      | 1497 ||| READING 2 scrolls of identify.
  1497 | D:2      | 1497 ||| IDENTIFYING coppery potion
  1725 | D:3      | Reached XP level 4. HP: 26/26 MP: 5/5
  1728 | D:3      | Reached skill level 1 in Armour
  1843 | D:3      | Found a glowing silver altar of Zin.
  1873 | D:3      | Found a stormy altar of Qazlal.
  1919 | D:3      | Reached skill level 4 in Ranged Weapons
  2142 | D:3      | 2142 ||| READING scroll labelled ILASHI KINUUKHODGHO.
  2143 | D:3      | 2143 ||| DRINKING 2 grey potions.
  2143 | D:3      | Gained mutation: You are partially covered in large bone
                  | plates. (SH +4) [potion of mutation]
  2143 | D:3      | Gained mutation: Your large and strong wings let you fly.
                  | [potion of mutation]
  2144 | D:3      | 2144 ||| DRINKING 2 fizzy black potions.
  2145 | D:3      | 2145 ||| DROPPING potion of attraction.
  2307 | D:4      | Reached XP level 5. HP: 30/30 MP: 6/6
  2411 | D:4      | Reached skill level 5 in Ranged Weapons
  2474 | D:4      | You are sucked into a shaft and drop 3 floors!
  2512 | D:7      | Found a glowing golden altar of the Shining One.
  2544 | D:7      | Noticed a centaur
  2546 | D:7      | HP: 6/30 [centaur/arrow (10)]
  2547 | D:7      | 2547 ||| READING 5 scrolls of teleportation.
  2548 | D:7      | Shot with an arrow by a centaur

Levels and vault maps discovered:
D:1:      dpeg_arrival_three_same_balls, layout_basic,
          dreamdust_ecumenical_altar_grove, serial_shops, shop_fountains
D:2:      layout_loops_ring, basic_altar
D:3:      layout_loops_cross, amcnicky_altar_gilded, grunt_qazlal_clouds
D:4:      layout_cave_pools, minmay_temple_entry_grid
D:7:      layout_loops_cross, cheibriados_altar_2, nicolae_tso_carved_into_rock

Skill      XL: |  1  2  3  4  5 |
---------------+----------------+-----
Ranged Weapons | 3 4 5 |  5.0
Fighting       | 2 |  2.1
Armour         | 1 |  1.0
Dodging        | |  1.5
Spellcasting   | |  1.0
Hexes          | |  2.6

Action                     |  1- 3 |  4- 6 || total
---------------------------+-------+-------++-------
   Fire: Sling             |   115 |   114 ||   229
    Use: Scroll            |     4 |     2 ||     6
         Potion            |       |     2 ||     2
 Armour: Robe              |    10 |       ||    10
         Leather armour    |     8 |       ||     8
         Ring mail         |     2 |    34 ||    36
  Dodge: Dodged            |    32 |    44 ||    76
  Block: Other             |       |    11 ||    11

Table legend:
 A = Non-vault XP
 B = Vault XP
 C = Vault XP percentage of total XP
 D = Non-vault monster count
 E = Vault monster count
 F = Vault count percentage of total count
                 A         B        C        D         E       F
            +---------+---------+-------+---------+---------+-------
      Total |     228 |       0 |   0.0 |      65 |       0 |   0.0
            +---------+---------+-------+---------+---------+-------
        D:1 |      32 |       0 |   0.0 |      20 |       0 |   0.0
        D:2 |      40 |       0 |   0.0 |      16 |       0 |   0.0
        D:3 |      40 |       0 |   0.0 |      13 |       0 |   0.0
        D:4 |     116 |       0 |   0.0 |      16 |       0 |   0.0
            +---------+---------+-------+---------+---------+-------
